 Dungeon Crawl Stone Soup version 0.28.0-1-gb440e238dd (webtiles) character file.

Game seed: 16495424991250920135

102 mortz the Magician (level 4, -10/24 HPs)
             Began as a Deep Elf Fire Elementalist on Feb 27, 2022.
             Killed from afar by an orc wizard (12 damage)
             ... with a magic dart
             ... on level 5 of the Dungeon.
             The game lasted 00:12:30 (2099 turns).

mortz the Magician (Deep Elf Fire Elementalist)     Turns: 2099, Time: 00:12:30

Health: -10/24     AC:  4    Str:  5    XL:     4   Next: 50%
Magic:  10/12      EV: 12    Int: 22    God:
Gold:   77         SH:  0    Dex: 15    Spells: 8/11 levels left

rFire   . . .      SeeInvis .   m - +2 dagger (venom) {short}
rCold   . . .      Faith    .   (no shield)
rNeg    . . .      Spirit   .   o - +0 leather armour
rPois   .          Reflect  .   h - +0 helmet
rElec   .          Harm     .   (no cloak)
rCorr   .          Rampage  .   (no gloves)
Will    .....                   (no boots)
Stlth   ++........              (no amulet)
HPRegen 0.08/turn               (no ring)
MPRegen 0.13/turn               (no ring)

@: no status effects
A: no striking features
a: no special abilities


You were on level 5 of the Dungeon.
You visited 1 branch of the dungeon, and saw 4 of its levels.

You collected 77 gold pieces.


   Skills:
 * Level 0.4 Short Blades
 + Level 2.8 Dodging
 + Level 2.7 Stealth
 + Level 4.3 Spellcasting
 + Level 2.3 Conjurations
 + Level 4.1 Fire Magic


You had 8 spell levels left.
You knew the following spells:

 Your Spells              Type           Power      Damage    Failure   Level
a - Foxfire               Conj/Fire      76%        2x1d7     4%          1
b - Scorch                Fire           46%        2d7       4%          2

Your spell library contained the following spells:

 Spells                   Type           Power      Damage    Failure   Level
 Conjure Flame            Conj/Fire      19%        6-21      14%         3
 Inner Flame              Hex/Fire       13%        N/A       22%         3
 Flame Wave               Conj/Fire      19%        2d6       43%         4

Inventory:

Hand Weapons
 c - a +0 short sword {short}
   (You found it on level 1 of the Dungeon)
 m - a +2 dagger of venom (weapon) {short}
   (You took it off a kobold on level 2 of the Dungeon)
Missiles
 k - 2 poisoned darts {throwing}
Armour
 a - a +0 robe
 h - a +0 helmet (worn)
   (You found it on level 2 of the Dungeon)
 j - a +0 ring mail
   (You found it on level 2 of the Dungeon)
 o - a +0 leather armour (worn)
   (You found it on level 2 of the Dungeon)
Scrolls
 d - a scroll of acquirement {unknown}
 e - a scroll of fear {unknown}
 f - 2 scrolls of identify {unknown}
 g - a scroll of silence {unknown}
 i - a scroll of teleportation {unknown}
 n - a scroll of amnesia {unknown}
 p - a scroll of vulnerability {unknown}
Potions
 b - a potion of attraction {unknown}
 l - 2 potions of degeneration {unknown}

Dungeon Overview and Level Annotations

Branches:
Dungeon (3/15)             Temple (0/1) D:5

Altars:
Xom

#.#.# o...... #g#.#
o.≈≈≈.. #g#.#
.≈≈§§≈. #.#.#
≈§§§≈≈≈ #.# ≈§≈>§§§
#g# ≈§§≈§§≈
#.#######
h≈§§≈≈.####........
..§≈§..@o.g........
#.#################


You could see a black bear (wandering), an orc wizard, a gnoll and 2 orcs.


Message History

😕 MP[-1]
You lost 1 mp, and now have 10/12 mp.
The foxfire hits the gnoll shaman. x2
Casting: Foxfire (safe; 4% risk of failure)
Press: ? - help, Q - select action, (/) - cycle Dir - look around, f - activate You conjure some foxfire!
The gnoll hits you with a +0 whip. 😮 HP[-2] MP[-1]
You take 2 damage, and now have 18/24 hp.
You lost 1 mp, and now have 9/12 mp.
The foxfire hits the gnoll shaman but does no damage.
The foxfire hits the gnoll shaman. 😮 MP[+1]
The gnoll hits you with a +0 whip. 😮 HP[-3]
You take 3 damage, and now have 15/24 hp.
Casting: Foxfire (safe; 4% risk of failure)
Press: ? - help, Q - select action, (/) - cycle Dir - look around, f - activate You conjure some foxfire! 😮 MP[-1]
You lost 1 mp, and now have 9/12 mp.
The foxfire hits the gnoll.
The foxfire hits the gnoll shaman.
The gnoll hits you with a +0 whip. 😮 HP[-2]
You take 2 damage, and now have 13/24 hp. 😮 HP[+1]
The gnoll shaman calls upon its god to speed up the gnoll.
The gnoll seems to speed up.
Casting: Foxfire (safe; 4% risk of failure)
Press: ? - help, Q - select action, (/) - cycle Dir - look around, f - activate You conjure some foxfire!
The foxfire hits the gnoll. 😮 MP[-1]
You lost 1 mp, and now have 8/12 mp.
You hit the gnoll.
The gnoll is poisoned.
The foxfire hits the gnoll.
You kill the gnoll!
The gnoll hits you from afar with a +0 spear. 😮 HP[-1]
You take 1 damage, and now have 13/24 hp. 😮 MP[+1]
The gnoll hits you with a +0 whip.
* * * LOW HITPOINT WARNING * * *
😨 HP[-4]
You take 4 damage, and now have 9/24 hp.
An orc comes into view. It is wielding a +0 club.
The gnoll closely misses you.
The gnoll shaman calls upon its god to heal the gnoll.
The gnoll's wounds heal themselves!
The gnoll misses you.
The gnoll hits you from afar with a +0 spear.
* * * LOW HITPOINT WARNING * * *
😨 HP[-1]
You take 1 damage, and now have 8/24 hp.
Casting: Foxfire (safe; 4% risk of failure)
Confirm with . or Enter, or press ? or * to list all spells.
Okay, then.
Casting: Foxfire (safe; 4% risk of failure)
Press: ? - help, Q - select action, (/) - cycle Dir - look around, f - activate You conjure some foxfire!
The gnoll closely misses you.
The gnoll hits you from afar with a +0 spear.
* * * LOW HITPOINT WARNING * * *
😱 HP[-2] MP[-1]
You take 2 damage, and now have 6/24 hp.
You lost 1 mp, and now have 8/12 mp.
Casting: Foxfire (safe; 4% risk of failure)
Press: ? - help, Q - select action, (/) - cycle Dir - look around, f - activate You conjure some foxfire!
The foxfire hits the gnoll. x2; The foxfire hits the gnoll shaman.
The gnoll hits you from afar with a +0 spear.
* * * LOW HITPOINT WARNING * * *
😱 HP[-3]
You take 3 damage, and now have 3/24 hp.
The foxfire hits the gnoll shaman.
The gnoll misses you. 😱 HP[+1]
The orc hits you with a +0 club.
* * * LOW HITPOINT WARNING * * *
😱 HP[-2]
You take 2 damage, and now have 2/24 hp.
The gnoll shaman calls upon its god to heal the gnoll.
The gnoll is healed somewhat.
The gnoll barely misses you.
The gnoll shaman calls upon its god to heal the gnoll.
The gnoll's wounds heal themselves!
The gnoll hits you from afar with a +0 spear.
* * * LOW HITPOINT WARNING * * *
😱 HP[-1]
You take 1 damage, and now have 1/24 hp.
The gnoll shaman utters an invocation to its god.
The gnoll shaman is healed somewhat.
The orc barely misses you. 😱 MP[+1] 😱 HP[+1] 😱 MP[+1]
Found a staircase to the Ecumenical Temple.
An orc wizard and a black bear come into view.
The orc wizard shouts!
You hear a shout!
An orc comes into view. It is wielding a +0 hand axe.
The orc wizard points at you and mumbles some strange words.
The magic dart hits you!
Ouch! That really hurt!
You die...

Skill      XL: |  1  2  3 |
---------------+----------+-----
Fire Magic     | 4 |  4.1
Conjurations   | 2 |  2.3
Spellcasting   | 4 |  4.3
Short Blades   | |  0.4
Dodging        | |  2.8
Stealth        | |  2.7

Action                   |  1- 3 |  4- 6 || total
-------------------------+-------+-------++-------
Melee: Unarmed           |     1 |       ||     1
       Short sword       |     8 |       ||     8
       Dagger            |       |     8 ||     8
 Cast: Foxfire           |    64 |    23 ||    87
Armor: Robe              |     2 |     3 ||     5
Dodge: Dodged            |    15 |    18 ||    33

Levels and vault maps discovered:
D:1:      lemuel_arrival_behind_the_door_large, layout_loops_ring,
          minmay_ruptured
D:2:      layout_rooms, basic_altar
D:3:      layout_rooms, nicolae_ru_the_path_less_chosen,
          dreamdust_ecumenical_altar_angels_and_demons, minmay_cut_off,
          uniq_jessica
D:5:      layout_basic, minmay_temple_entry_mist, enter_ossuary_3,
          chequers_serial_rivers_marsh

Notes
Turn   | Place    | Note
-------+----------+-------------------------------------------
     0 | D:1      | mortz the Deep Elf Fire Elementalist began the quest for
                  | the Orb.
     0 | D:1      | Reached XP level 1. HP: 10/10 MP: 6/6
     0 | D:1      | magus.rc [v1.9.6]
   259 | D:1      | Reached XP level 2. HP: 14/15 MP: 5/8
   746 | D:1      | Reached skill level 4 in Fire Magic
   787 | D:1      | Reached XP level 3. HP: 19/19 MP: 7/9
  1172 | D:2      | Reached skill level 2 in Conjurations
  1256 | D:2      | Reached skill level 4 in Spellcasting
  1320 | D:2      | Learned a level 2 spell: Scorch
  1570 | D:2      | Reached XP level 4. HP: 24/24 MP: 9/12
  1600 | D:2      | Found a shimmering altar of Xom.
  2036 | D:3      | Found a faded altar of an unknown god.
  2052 | D:3      | You fall into a shaft and drop 2 floors!
  2052 | D:5      | Entered Level 5 of the Dungeon
  2080 | D:5      | HP: 6/24 [gnoll (2)]
  2083 | D:5      | HP: 2/24 [orc (2)]
  2098 | D:5      | Found a staircase to the Ecumenical Temple.
  2099 | D:5      | Noticed a black bear
  2099 | D:5      | Killed from afar by an orc wizard

Vanquished Creatures
  A gnoll (D:5)
  3 adders (D:2)
  A worm (D:2)
  A dart slug (D:1)
  2 bats
  An endoplasm (D:2)
  A giant cockroach (D:2)
  5 goblins
  7 hobgoblins
  6 jackals
  6 kobolds
  4 quokkas
  7 ball pythons
  4 frilled lizards (D:1)
  13 rats
62 creatures vanquished.

Vanquished Creatures (others)
  151 foxfires
151 creatures vanquished.

Grand Total: 213 creatures vanquished

Table legend:
 A = Non-vault XP
 B = Vault XP
 C = Vault XP percentage of total XP
 D = Non-vault monster count
 E = Vault monster count
 F = Vault count percentage of total count
                 A         B        C        D         E       F
            +---------+---------+-------+---------+---------+-------
      Total |     146 |       1 |   0.7 |      61 |       1 |   1.6
            +---------+---------+-------+---------+---------+-------
        D:1 |      46 |       1 |   2.1 |      29 |       1 |   3.3
        D:2 |      82 |       0 |   0.0 |      28 |       0 |   0.0
        D:3 |       4 |       0 |   0.0 |       3 |       0 |   0.0
        D:5 |      14 |       0 |   0.0 |       1 |       0 |   0.0
            +---------+---------+-------+---------+---------+-------

Illustrated notes

Table legend:
 A = Kills in this place as a percentage of kills in entire the game.
 B = Kills by you in this place as a percentage of kills by you in the entire game.
 C = Kills by friends in this place as a percentage of kills by friends in the entire game.
 D = Other kills in this place as a percentage of other kills in the entire game.
 E = Experience gained in this place as a percentage of experience gained in the entire game.
 F = Experience gained in this place divided by the number of levels of this place that you have seen.
                   A       B       C       D       E      F
               +-------+-------+-------+-------+-------+----------------------
         Total | 100.0 | 100.0 |   N/A |   N/A | 100.0 |  36.8
       Dungeon | 100.0 | 100.0 |   N/A |   N/A | 100.0 |  36.8
               +-------+-------+-------+-------+-------+----------------------

Table legend: (Time is in decaauts)
 A = Elapsed time spent in this place.
 B = Non-inter-level travel time spent in this place.
 C = Inter-level travel time spent in this place.
 D = Time resting spent in this place.
 E = Time spent auto-exploring this place.
 F = Levels seen in this place.
 G = Mean time per level.
                   A        B        C        D        E       F      G
               +--------+--------+--------+--------+--------+-----+--------+
         Total |   2098 |   2055 |     43 |    228 |   1400 |   4 |  524.5 |
       Dungeon |   2098 |   2055 |     43 |    228 |   1400 |   4 |  524.5 |
               +--------+--------+--------+--------+--------+-----+--------+

Top non-repeatable levels by time:
     D:1: 1117 daAuts
     D:2: 893 daAuts
     D:5: 46 daAuts
     D:3: 40 daAuts
